 Dungeon Sprint DCSS version 0.30.1-11-g7821555f0a (webtiles) character file.

Game seed: 16432657354609934876

3730 Groucho the Unseen (level 9, -9/47 HPs)
             Began as a Spriggan Enchanter on Dec 14, 2023.
             Was a Believer of Dithmenos.
             Killed from afar by a crystal guardian (15 damage)
             ... with a crystal bolt
             ... in the Dungeon (Sprint II: "The Violet Keep of Menkaure").
             The game lasted 00:08:38 (932 turns).

Groucho the Unseen (Spriggan Enchanter)              Turns: 932, Time: 00:08:39

Health: -9/47      AC:  2    Str:  4    XL:     9   Next: 92%
Magic:  12/17      EV: 19    Int: 21    God:    Dithmenos [**....]
Gold:   534        SH:  0    Dex: 15    Spells: 7/18 levels left

rFire   + + .        a - +1 dagger
rCold   + . .        (no shield)
rNeg    . . .        b - +0 robe
rPois   .            (helmet restricted)
rElec   .            l - scarf {rC+ rF+}
rCorr   .            (gloves unavailable)
SInv    +            (boots unavailable)
Will    +....        (no amulet)
Stlth   ++++++++     j - ring of protection from fire
HPRegen 0.27/turn    (no ring)
MPRegen 0.15/turn

%: no teleportation
@: lethally poisoned (-9 -> -19), wreathed by umbra, very quick
A: very small, no large weapons, unfitting armour, see invisible, speed 3
a: Renounce Religion, Shadow Step


You were in the Dungeon.
You worshipped Dithmenos.
Dithmenos was pleased with you.
You visited 1 branch You collected 1310 gold pieces.
You spent 776 gold pieces at shops.

Inventory:

Hand Weapons
 a - a +1 dagger (weapon)
 c - a +0 arbalest
 f - a +2 rapier of protection
Armour
 b - a +0 robe (worn)
 k - the +1 robe "Gimydocs" {rPois Int-2 Dex+4}
   (You bought it in a shop in the Dungeon)

   Int:       It affects your intelligence (-2).
   Dex:       It affects your dexterity (+4).
   rPois:     It protects you from poison.
 l - a scarf of resistance (worn)
Magical Staves
 m - a staff of conjuration
Jewellery
 j - a ring of protection from fire (left hand)
Scrolls
 i - 2 scrolls of blinking
Potions
 d - 2 potions of curing
 e - a potion of heal wounds
 g - 2 potions of magic
 h - a potion of berserk rage


   Skills:
 - Level 5.0 Fighting
 - Level 10.0 Short Blades
 * Level 13.5 Ranged Weapons
 - Level 5.0 Dodging
 - Level 15.0 Stealth
 - Level 5.0 Spellcasting
 - Level 14.0 Hexes


You had 7 spell levels left.
You knew the following spells:

 Your Spells              Type           Power      Damage    Failure   Level
a - Ensorcelled Hibernat  Hex/Ice        68%        N/A       1%          2
b - Confusing Touch       Hex            59%        N/A       1%          3
c - Dazzling Flash        Conj/Hex       68%        N/A       1%          3
d - Tukima's Dance        Hex            59%        N/A       1%          3

Your spell library contained the following spells:

 Spells                   Type           Power      Damage    Failure   Level


Dungeon Overview and Level Annotations

Branches:
Dungeon (1/1)

Altars:
Cheibriados
Dithmenos
Elyvilon
Fedhas
Gozag
Hepliaklqana
Kikubaaqudgha
Makhleb
Nemelex Xobeh
Okawaru
Qazlal
Ru
Sif Muna
Trog
Uskayaw
Vehumet
Wu Jian
Xom
Yredelemnul
Zin
The Shining One
Jiyva
Lugonu

Shops:
D ::![[(=?!(=([=[

Annotations:
D exclusion: oklob plant, Roxanne


Innate Abilities, Weirdness & Mutations

You are very small and have problems with some larger weapons.
You are too small for most types of armour.
You have supernaturally acute eyesight. (SInv)
You cover ground extremely quickly. (Speed+++)


Message History

Moving in this stuff is going to be slow.
The swamp drake breathes poison at you. The noxious blast misses you.
You are engulfed in noxious fumes.
You are engulfed in noxious fumes.
There is an open door here.
Casting: Ensorcelled Hibernation (safe; 1% risk of failure)
Confirm with . or Enter, or press ? or * to list all spells.
Aiming: Ensorcelled Hibernation (safe; 1% risk of failure)
Press: ? - help, Shift-Dir - straight line, f - swamp drake
Aim: a swamp drake (chance to affect: 62%)
The swamp drake looks drowsy...
Unknown command.
Unknown command.
Aiming: Shadow Step
Press: ? - help, Dir - move target, f/p - swamp drake
Aim: a swamp drake (asleep, umbra)
You step into the swamp drake's shadow.
You enter the shallow water.
Moving in this stuff is going to be slow.
Your unstable footing causes you to fumble your attack.
The crystal guardian fires a crystalline bolt at you.
The crystal bolt freezes you!! You resist.
The swamp drake roars!
Unknown command.
Unknown command.
Unknown command.
Unknown command.
The death drake breathes miasma at you. The foul vapour misses you.
You are engulfed in dark miasma.
You are poisoned.
You feel very sick.
The swamp drake is engulfed in a cloud of scalding steam.
You feel sick.
You feel sick.
The swamp drake is engulfed in a cloud of scalding steam.
The crystal guardian fires a crystalline bolt at you.
The crystal bolt burns you! You resist.
* * * LOW HITPOINT WARNING * * *
The crystal bolt burns you! You resist.
You die...

###~~#+++#+++#####....#k##
##~~~.........#..'.^.^#kk#
∩#~~~~.##+##..#..####.#.k#
.#~~~~##..###.####.÷'^##.#
.#~~~~#..##.#....#..#.^.####
.#~~####.#.####..#####..##.# !?$
.#~##.###'###.##..#..'.k#..#▓)!?)
.#~#.#.##.##.#.#..#..#..#†.#▓:)(!
.'~'###'.<.'##.'@°####.k##.#▓!)$:
.#~#.#.##.###..#..°°###...##▓▓▓▓▓
##~##†###†# #.##..°k9k§~~~~~~~~~~
##~~#####.#####~~°°°°.~#'########
##~~~#†.#..#~~~§~§§..~#..._._._#
+#~##.#.##~~~§~~~§.~#_._._._.#
~~##+##~~~≈≈≈~~§~~#._._._._# ~~
~~~~~§≈≈§§~~~#_._._._.#
+++#§≈§≈≈§≈≈~#._._._..#


You could see a death drake (catching breath), a crystal guardian and a swamp
drake.

Vanquished Creatures
  A fire dragon (D)
  An iron elemental (D)
  A yaktaur (D)
  A hornet (D)
  3 polar bears (D)
  2 wyverns (D)
  2 redbacks (D)
  4 neqoxecs (D)
  Menkaure (D)
  4 scorpions (D)
  3 worms (D)
23 creatures vanquished.

Vanquished Creatures (others)
  A water moccasin (D)
1 creature vanquished.

Grand Total: 24 creatures vanquished

Notes
Turn   | Place    | Note
-------+----------+-------------------------------------------
     0 | D        | Groucho the Spriggan Enchanter began the quest for the Orb.
     0 | D        | Reached XP level 1. HP: 9/9 MP: 5/5
    13 | D        | Reached skill level 5 in Stealth
    14 | D        | Reached skill level 1 in Fighting
    14 | D        | Reached XP level 2. HP: 14/14 MP: 7/7
    22 | D        | Noticed a neqoxec
    27 | D        | Killed a neqoxec
    27 | D        | Noticed a neqoxec
    28 | D        | Reached skill level 5 in Dodging
    28 | D        | Reached skill level 9 in Stealth
    28 | D        | Reached skill level 5 in Spellcasting
    28 | D        | Reached skill level 5 in Hexes
    28 | D        | Reached XP level 3. HP: 20/20 MP: 7/10
    28 | D        | Reached XP level 4. HP: 24/24 MP: 8/12
    33 | D        | Killed a neqoxec
    34 | D        | Reached skill level 5 in Fighting
    34 | D        | Reached skill level 5 in Short Blades
    34 | D        | Reached skill level 13 in Stealth
    34 | D        | Reached XP level 5. HP: 24/30 MP: 8/13
    34 | D        | Reached XP level 6. HP: 28/35 MP: 8/14
    35 | D        | Noticed a neqoxec
    35 | D        | Noticed a neqoxec
    37 | D        | Killed a neqoxec
    38 | D        | Reached skill level 15 in Stealth
    39 | D        | Killed a neqoxec
    40 | D        | Reached XP level 7. HP: 32/39 MP: 8/15
    53 | D        | Learned a level 2 spell: Ensorcelled Hibernation
    57 | D        | Learned a level 3 spell: Confusing Touch
    61 | D        | Learned a level 3 spell: Dazzling Flash
    65 | D        | Learned a level 3 spell: Tukima's Dance
   286 | D        | Reached skill level 10 in Hexes
   305 | D        | Noticed a wyvern
   305 | D        | Noticed a wyvern
   308 | D        | Killed a wyvern
   311 | D        | Killed a wyvern
   312 | D        | Reached XP level 8. HP: 43/43 MP: 8/16
   314 | D        | Found Iphiqim's Magic Scroll Shoppe.
   314 | D        | Found Sief's Jewellery Shoppe.
   314 | D        | Found Niedekec's Armour Shoppe.
   314 | D        | Found Kuoso's Jewellery Emporium.
   314 | D        | Found Tomen's Antique Armour Shoppe.
   315 | D        | Found Udabbip's Jewellery Emporium.
   315 | D        | Found Xaef's Antique Weapon Shoppe.
   315 | D        | Found Toraf's Distillery.
   315 | D        | Found Zirimpux's Antique Armour Shoppe.
   315 | D        | Found Goviamef's Antique Armour Emporium.
   323 | D        | Found Velastree's Distillery.
   323 | D        | Found Zueru's Book Emporium.
   323 | D        | Noticed a slime creature
   324 | D        | Found Oweastra's Weapon Shoppe.
   324 | D        | Found Goob's Weapon Emporium.
   324 | D        | Noticed Menkaure
   324 | D        | Noticed a slime creature
   341 | D        | Killed Menkaure
   344 | D        | Noticed a slime creature
   344 | D        | Noticed an oklob plant
   345 | D        | Found Rita's Book Shoppe.
   395 | D        | Noticed a shining eye
   419 | D        | Noticed a shining eye
   427 | D        | Bought a potion of flight for 39 gold pieces
   431 | D        | Bought a ring of protection from fire for 300 gold pieces
   439 | D        | Bought a fabulously ornate robe for 85 gold pieces
   439 | D        | Identified the +1 robe "Gimydocs" {rPois Int-2 Dex+4} (You
                  | bought it in a shop in the Dungeon)
   442 | D        | Bought a scarf of resistance for 352 gold pieces
   488 | D        | Identified Roxanne's Vellum of Geology
   488 | D        | Noticed Roxanne
   503 | D        | Found a glowing golden altar of the Shining One.
   503 | D        | Found an ornate altar of the Wu Jian Council.
   504 | D        | Found a stormy altar of Qazlal.
   506 | D        | Found a shimmering altar of Xom.
   506 | D        | Found a sacrificial altar of Ru.
   506 | D        | Found a hazy altar of Hepliaklqana.
   508 | D        | Found a basalt altar of Yredelemnul.
   508 | D        | Found a shimmering blue altar of Sif Muna.
   508 | D        | Found a viscous altar of Jiyva.
   509 | D        | Found a glowing silver altar of Zin.
   509 | D        | Found a bloodstained altar of Trog.
   509 | D        | Found an ancient bone altar of Kikubaaqudgha.
   510 | D        | Found a hide-covered altar of Uskayaw.
   510 | D        | Found a corrupted altar of Lugonu.
   510 | D        | Found a shadowy altar of Dithmenos.
   513 | D        | Found a radiant altar of Vehumet.
   513 | D        | Found a burning altar of Makhleb.
   513 | D        | Found a white marble altar of Elyvilon.
   514 | D        | Found a sparkling altar of Nemelex Xobeh.
   514 | D        | Found a blossoming altar of Fedhas.
   516 | D        | Found an iron altar of Okawaru.
   516 | D        | Found an opulent altar of Gozag.
   516 | D        | Found a snail-covered altar of Cheibriados.
   516 | D        | Noticed a hornet
   516 | D        | Noticed a polar bear
   517 | D        | Noticed a yaktaur
   523 | D        | Became a worshipper of Dithmenos the Shadowed
   528 | D        | Noticed a polar bear
   531 | D        | Noticed a polar bear
   541 | D        | Killed a polar bear
   545 | D        | Killed a yaktaur
   547 | D        | Killed a hornet
   547 | D        | Reached * piety under Dithmenos
   550 | D        | Killed a polar bear
   551 | D        | Reached XP level 9. HP: 41/47 MP: 17/17
   572 | D        | Killed a polar bear
   573 | D        | Reached skill level 10 in Short Blades
   589 | D        | Noticed an iron elemental
   592 | D        | Killed an iron elemental
   592 | D        | Reached ** piety under Dithmenos
   603 | D        | Noticed a fire dragon
   605 | D        | Killed a fire dragon
   615 | D        | Noticed a deep elf master archer
   904 | D        | Noticed a death drake
   905 | D        | Noticed a death drake
   905 | D        | Noticed a crystal guardian
   932 | D        | Killed from afar by a crystal guardian

Illustrated notes

Levels and vault maps discovered:
D:        the_violet_keep_of_menkaure [sprint2_stairs_cluster_1,
          sprint2_shoproom, sprint2_temple, sprint2_basic_supplies,
          sprint2_obstacle_1, sprint2_obstacle_4, sprint2_obstacle_6,
          sprint2_obstacle_2, sprint2_obstacle_5, sprint2_timed_cluster_1,
          sprint2_smallroom_cluster_1, sprint2_smallroom_final_cluster_1,
          sprint2_transparent_cluster_1, sprint2_second_timed_cluster_1,
          sprint2_sniper_area_1, sprint2_heavy_combat_area_1,
          sprint2_mutation_trap_area_1, sprint2_forest_area_1,
          sprint2_light_combat_area_1, sprint2_behind_water_1,
          sprint2_near_end_vault_1]

Skill      XL: |  1  2  3  4  5  6  7  8  9 |
---------------+----------------------------+-----
Dodging        | 3 5 |  5.0
Spellcasting   | 3 5 |  5.0
Short Blades   | 2 4 5 6 9 10 | 10.0
Stealth        | 5 9 13 15 | 15.0
Hexes          | 4 5 9 14 | 14.0
Fighting       | 1 3 5 |  5.0
Ranged Weapons | 8 13 | 13.5

Action                     |  1- 3 |  4- 6 |  7- 9 || total
---------------------------+-------+-------+-------++-------
  Melee: Dagger            |     7 |     8 |    56 ||    71
         Punch             |       |       |     1 ||     1
   Cast: Ensorcelled Hiber |       |       |     9 ||     9
         Confusing Touch   |       |       |     2 ||     2
 Invoke: Shadow Step       |       |       |     1 ||     1
    Use: Potion            |     2 |       |     2 ||     4
   Stab: Sleeping          |     4 |     2 |    10 ||    16
         Invisible         |     2 |     2 |     8 ||    12
         Confused          |       |       |     1 ||     1
 Armour: Robe              |       |       |     1 ||     1
  Dodge: Dodged            |     2 |     1 |    55 ||    58
